 Dungeon Crawl Stone Soup version 0.27.1-1-g398f81649c (webtiles) character file.

Game seed: 4010478478538280655

107 acemry the Changer (level 4, -1/28 HPs)
             Began as an Octopode Transmuter on Sept 7, 2021.
             Killed from afar by Natasha (7 damage)
             ... with a magic dart
             ... on level 2 of the Dungeon.
             The game lasted 00:03:20 (2639 turns).

acemry the Changer (Octopode Transmuter)            Turns: 2639, Time: 00:03:20

Health: -1/28      AC:  1    Str:  9    XL:     4   Next: 85%
Magic:  7/7        EV: 13    Int: 16    God:
Gold:   130        SH:  0    Dex: 12    Spells: 3/7 levels left

rFire    . . .     SeeInvis .   a - +0 spear
rCold    . . .     Faith    .   (no shield)
rNeg     . . .     Spirit   .   (helmet restricted)
rPois    .         Reflect  .   (no amulet)
rElec    .         Harm     .   (no ring)
rCorr    .         Rampage  .   (no ring)
Will     .....                  (no ring)
Stlth    ++........             (no ring)
HPRegen  0.09/turn              (no ring)
MPRegen  0.10/turn              (no ring)
                                (no ring)
                                (no ring)

@: no status effects
A: almost no armour, amphibious, 8 rings, camouflage 1, gelatinous body 1,
(nimble swimmer 1), tentacles
a: no special abilities


You were on level 2 of the Dungeon.
You visited 1 branch of the dungeon, and saw 2 of its levels.

You collected 130 gold pieces.

Inventory:

Hand Weapons
 a - a +0 spear (weapon)
 b - a +0 dagger
Magical Staves
 e - a staff of fire
Scrolls
 d - a scroll of enchant armour {unknown}
 f - a scroll of teleportation {unknown}
Potions
 c - a potion of curing {unknown}
 g - a potion of attraction {unknown}


   Skills:
 - Level 1.0 Fighting
 - Level 0.1 Short Blades
 - Level 2.0 Dodging
 - Level 3.0 Unarmed Combat
 - Level 2.0 Spellcasting
 + Level 4.3 Transmutations
 * Level 2.2 Poison Magic


You had 3 spell levels left.
You knew the following spells:

 Your Spells              Type           Power      Damage    Failure   Level
a - Beastly Appendage     Tmut           30%        N/A       3%          1
b - Spider Form           Tmut/Pois      6%         N/A       16%         3

Your spell library contained the following spells:

 Spells                   Type           Power      Damage    Failure   Level
 Wereblood                Tmut           15%        N/A       5%          2
 Foxfire                  Conj/Fire      4%         2x1d4     21%         1
 Magic Dart               Conj           4%         1d3       21%         1
 Call Imp                 Summ           1%         N/A       30%         2
 Mephitic Cloud           Conj/Pois/Air  4%         N/A       41%         3
 Conjure Flame            Conj/Fire      1%         6-21      52%         3
 Inner Flame              Hex/Fire       1%         N/A       52%         3
 Ice Form                 Ice/Tmut       8%         N/A       65%         4


Dungeon Overview and Level Annotations

Branches:
Dungeon (2/15)

Altars:

Annotations:
D:2 Natasha


Innate Abilities, Weirdness & Mutations

You cannot wear most types of armour.
You are amphibious.
You can wear up to eight rings at the same time.
Your skin changes colour to match your surroundings (Stealth+).
Your rubbery body absorbs attacks. (AC +1, EV +1)
((You are camouflaged near water. (Stealth+)))
You have tentacles for arms and can constrict up to eight enemies at once.


Message History

Natasha is nearby!
You miscast Beastly Appendage.
You are very lightly contaminated with residual magic.
Nothing appears to happen.
Natasha hisses angrily.
You hit Natasha but do no damage. Your grab misses Natasha. Natasha claws you!
You hit Natasha but do no damage. Your grab misses Natasha.
Natasha closely misses you.
You barely miss Natasha. Your grab misses Natasha. Your squeeze misses Natasha.
Natasha barely misses you.
You closely miss Natasha. You grab Natasha.
You constrict Natasha, but do no damage.
Natasha casts a spell at you. You resist with some effort.
Natasha closely misses you.
You hit Natasha.
Natasha is lightly wounded.
You constrict Natasha.
Natasha stares at you and mumbles some strange words.
The magic dart hits you!
Your magical contamination has completely faded away.
You are too injured to fight recklessly!
You are too injured to fight recklessly!
You are too injured to fight recklessly!
You are too injured to fight recklessly!
You are too injured to fight recklessly!
You are too injured to fight recklessly!
You are too injured to fight recklessly!
You hit Natasha but do no damage.
Natasha is moderately wounded.
You constrict Natasha. Natasha claws you.
You hit Natasha.
Natasha is heavily wounded.
You constrict Natasha. Natasha claws you.
* * * LOW HITPOINT WARNING * * *
You barely miss Natasha.
Natasha is severely wounded.
You constrict Natasha.
Natasha stares at you and mumbles some strange words.
The magic dart hits you!
You die...

#..♣♣..#......##
#.
##.............#
##
##....#.#...###
# #...##.....# #
########..## # #
#..# .# # # #..#
.# ## #. #..##.#
#. #.##@....# ##
##.h.#...#
#.#.##.....#
#......##.#
#..##...###
..........####
#............#
##..#.....>#.#
#..##...#.#.#


You could see Natasha.

Vanquished Creatures
  Natasha (D:2)
  Robin (D:2)
  A gnoll (D:1)
  An adder (D:2)
  A dart slug (D:1)
  6 endoplasms
  A giant cockroach (D:1)
  10 goblins
  6 hobgoblins
  3 quokkas
  4 ball pythons (D:1)
  4 bats
  2 frilled lizards (D:1)
  4 kobolds
  A rat (D:1)
46 creatures vanquished.

Notes
Turn   | Place    | Note
-------+----------+-------------------------------------------
     0 | D:1      | acemry the Octopode Transmuter began the quest for the Orb.
     0 | D:1      | Reached XP level 1. HP: 13/13 MP: 3/3
   216 | D:1      | Reached XP level 2. HP: 18/18 MP: 3/5
   344 | D:1      | Reached skill level 3 in Transmutations
   913 | D:1      | Reached XP level 3. HP: 16/23 MP: 4/6
  1069 | D:1      | Learned a level 3 spell: Spider Form
  1266 | D:1      | Found a faded altar of an unknown god.
  1721 | D:2      | Reached skill level 1 in Poison Magic
  2006 | D:2      | Reached XP level 4. HP: 27/28 MP: 5/7
  2133 | D:2      | Noticed Robin
  2144 | D:2      | Killed Robin
  2145 | D:2      | Reached skill level 4 in Transmutations
  2365 | D:2      | Noticed Natasha
  2371 | D:2      | Killed Natasha
  2629 | D:2      | Noticed Natasha
  2639 | D:2      | Killed from afar by Natasha

Illustrated notes

Levels and vault maps discovered:
D:1:      lordsloth_arrival_two_stooges, layout_loops_ring,
          shapermc_ecumenical_altar_mp_highgroup, minmay_misc_feat_cross
D:2:      layout_loops_ring, serial_park_tiny_2, uniq_crazy_yiuf_cottage,
          uniq_robin, uniq_natasha

Skill      XL: |  1  2  3  4 |
---------------+-------------+-----
Transmutations | 3 4 |  4.3
Poison Magic   | 1 2 |  2.2
Fighting       | |  1.0
Short Blades   | |  0.1
Dodging        | |  2.0
Unarmed Combat | |  3.0
Spellcasting   | |  2.0

Action                   |  1- 3 |  4- 6 || total
-------------------------+-------+-------++-------
Melee: Unarmed           |    17 |       ||    17
       Kick              |    16 |     5 ||    21
       Constrict         |    18 |    10 ||    28
       Tentacles         |     9 |     5 ||    14
       Dagger            |    42 |       ||    42
       Spear             |    19 |    40 ||    59
       Punch             |     1 |     2 ||     3
 Cast: Beastly Appendage |    24 |     6 ||    30
  Use: Scroll            |     1 |       ||     1
       Potion            |     1 |       ||     1
 Stab: Sleeping          |     8 |     2 ||    10
       Distracted        |     1 |       ||     1
Armor: Skin              |    10 |     2 ||    12
Dodge: Dodged            |    53 |    19 ||    72
